Euphoria, lawful male human Knight ---- ------- -... ##-.....| |..... 0 # |.....| |......Y@0###########......| |..... #|.....| |... # ------ ---- #### # # # # # # -----.---# |.......|# +.....<..# --------- Euphoria the Bachelor Experience level: 7 Strength: 15 Dexterity: 8 Constitution: 10 Intelligence: 10 Wisdom: 15 Charisma: 17 Health: 0(50) Energy: 55(55) AC: 4 Gold: 400 Moves: 2078 Your Inventory: Coins $ - 400 gold pieces Weapons a - the blessed rustproof +1 Excalibur (weapon in hand) b - an uncursed +1 lance (alternate weapon; not wielded) l - 4 [uncursed +0] darts Armor c - a blessed +1 ring mail (being worn) d - an uncursed +0 helmet (being worn) e - an uncursed rotted +0 small shield (being worn) f - an uncursed +0 pair of leather gloves (being worn) q - an [uncursed] +0 dwarvish cloak (being worn) Comestibles g - 9 uncursed apples h - 11 uncursed carrots k - an [uncursed] lichen corpse A - 4 [uncursed] food rations C - an [uncursed] tripe ration N - 2 [uncursed] lizard corpses X - an [uncursed] gray ooze corpse Scrolls n - an uncursed scroll of confuse monster w - an [uncursed] scroll called remove curse [of remove curse] O - a [cursed] scroll of confuse monster R - an [uncursed] scroll labeled ABRA KA DABRA [of food detection] Spellbooks o - an [uncursed] spellbook of light Potions P - an [uncursed] amber potion [of confusion] S - an [uncursed] yellow potion [of monster detection] Wands B - an [uncursed] forked wand [of probing (0:3)] L - a [cursed] wand of secret door detection [0:12] Gems p - an [uncursed] orange gem [worthless glass] u - an [uncursed] green gem [worthless glass] E - an [uncursed] violet gem [worthless glass] H - an [uncursed] red gem [worthless glass] Q - an [uncursed] white gem [opal] T - an [uncursed] blue gem [worthless glass] Spells known in the end: Name Level Category Fail Memory a - light 1 divination 100% [||||||||] Your skills at the end: Fighting Skills riding [Basic / Expert] Weapon Skills long sword [Basic / Expert] lance [Basic / Expert] Spellcasting Skills Final Attributes: You were piously aligned. Hunger level was 1374. Your alignment was 20 / 20. Monster difficulty range was 1 - 7. Level difficulty was 7. You resisted poison. You were immune to level-drain. You had automatic searching. You could jump. You were fast. Your luck was zero. Lugh was angry with you (1). You are dead. Vanquished creatures: a quivering blob 2 brown puddings 2 lizards a dog a dwarf lord an imp a rock piercer a rock mole 3 ponies a fog cloud a gray ooze a giant bat an acid blob a coyote 2 manes a hobgoblin 4 cave spiders a yellow mold a red mold 2 garter snakes 2 gnome zombies 4 geckos 3 jackals a fox a kobold a goblin 4 grid bugs 4 lichens a kobold zombie 6 newts 56 creatures vanquished. Voluntary challenges: You were an atheist. You used a wielded weapon 69 times. You read items or engraved 6 times. You put on armor 5 times. You never genocided any monsters. You never polymorphed an object. You never changed form. You used no wishes. You abstained from Elbereth's help. You never encountered a bones level. You never used any Sokoban shortcuts. Dungeon overview: The Dungeons of Doom: levels 1 to 7 Level 1 a sink a long staircase Level 2 a fountain a long staircase Level 3 a general store, a fountain Level 5 many fountains Level 6 an altar, some fountains stairs to Sokoban Level 7 <- You were here Sokoban: Level 5 a magic chest stairs to The Dungeons of Doom History has recorded: On T:1 you entered the Dungeons of Doom to retrieve the Amulet of Yendor! On T:331 you advanced to experience level 2. On T:430 you reached level 2 of The Dungeons of Doom. On T:631 you advanced to experience level 3. On T:649 you reached level 3 of The Dungeons of Doom. On T:999 you reached level 4 of The Dungeons of Doom. On T:1003 you advanced to experience level 4. On T:1173 you advanced to experience level 5. On T:1344 you reached level 5 of The Dungeons of Doom. On T:1416 you advanced to experience level 6. On T:1609 you reached level 6 of The Dungeons of Doom. On T:1935 you reached level 3 of Sokoban. On T:1995 you reached level 7 of The Dungeons of Doom. On T:2036 you advanced to experience level 7. Latest messages: Your movements are slowed slightly because of your load. [HP+1=36] You miss the yeti. The yeti hits! (2x) The yeti misses. The yeti hits! (2x) The yeti bites! [HP-18=18] As you read the scroll, it disappears. The rock above rumbles above you! The yeti is hit by a boulder! You are hit by a boulder! Fortunately, you are wearing a hard helmet. The yeti hits! (2x) The yeti bites! [HP-13=5] You hit the yeti! The yeti hits M'Lady. (2x) The yeti bites M'Lady. M'Lady is killed! You see here a boulder. You stagger under your heavy load. Movement is very hard. You don't have enough stamina to move. The yeti hits! (2x) You die... Final status: Fare thee well Euphoria the Knight... You died in The Dungeons of Doom on dungeon level 7 with 1118 points, and 400 pieces of gold, after 2078 moves. You were level 7 with a maximum of 50 hit points when you died.